 Dungeon Crawl Stone Soup version 0.24-a0-528-g98e85ec62a (webtiles) character file.

Game seed: 8163525332721530127

715174 Arang the Slayer (level 27, 0/312 HPs)
             Began as a Demonspawn Fighter on Aug 4, 2019.
             Was the Champion of Qazlal.
             Killed from afar by a Brimstone Fiend (33 damage)
             ... with damnation
             ... created by the effects of Hell
             ... on level 1 of Gehenna on Aug 5, 2019.
             The game lasted 05:57:43 (88689 turns).

Arang the Slayer (Demonspawn Fighter)              Turns: 88689, Time: 05:57:44

Health: 0/312      AC: 56    Str: 22    XL:     27
Magic:  31/31      EV:  6    Int: 19    God:    Qazlal [******]
Gold:   6477       SH: 45    Dex: 17    Spells: 33/36 levels left

rFire    + + .     SeeInvis +   b - +9 broad axe (elec)
rCold    + + +     Gourm    .   B - +8 large shield of a treasure trove {rC+ rN+ rCorr}
rNeg     + . .     Faith    .   m - +4 gold dragon scales
rPois    +         Spirit   .   A - +2 helmet {SInv}
rElec    .         Reflect  +   T - +2 cloak {+Inv}
rCorr    +         Harm     .   y - +2 pair of gloves {archery}
MR       ++++.                  (boots unavailable)
Stlth    ..........             K - amulet "Eroning" {Reflect rC+ MR+ SH+5}
HPRegen  0.62/turn              L - ring "Niattis" {rF+ MR+ Str-2 Int+4 Dex+2}
MPRegen  0.22/turn              I - ring of wizardry

@: repel missiles
A: claws 1, talons 3, iridescent scales 3, clever 1, cold resistance 1, icemail,
low mp 1, poison resistance, robust 3, spiny 3, freezing cloud immunity
}: 4/15 runes: barnacled, slimy, silver, gossamer
a: Upheaval, Elemental Force, Disaster Area, Renounce Religion, Evoke
Invisibility


You were on level 1 of Gehenna.
You worshipped Qazlal.
Qazlal was exalted by your worship.
You were not hungry.

You visited 13 branches of the dungeon, and saw 56 of its levels.
You also visited: Sewer, Wizlab and Desolation.

You collected 10301 gold pieces.
You spent 3824 gold pieces at shops.

Inventory:

Hand Weapons
 a - a +9 broad axe of chopping
 b - a +9 broad axe of electrocution (weapon)
Missiles
 g - 51 silver javelins (quivered)
 p - 8 boomerangs of dispersal
 u - 16 curare-tipped darts
 H - 25 javelins
 S - 6 throwing nets
Armour
 m - +4 gold dragon scales (worn)
 y - a +2 pair of gloves of archery (worn)
 A - a +2 helmet of see invisible (worn)
 B - the +8 large shield of a treasure trove (worn) {rC+ rN+ rCorr}
   (You took it off Mennas on level 3 of the Depths)

   It protects you from cold.
   It protects you from negative energy.
   It provides partial protection from all sources of acid and corrosion.
 T - a +2 cloak of invisibility (worn)
Jewellery
 I - a ring of wizardry (right hand)
 J - an uncursed ring of protection from fire
 K - the amulet "Eroning" (around neck) {Reflect rC+ MR+ SH+5}
   (You acquired it on level 5 of the Vaults)

   [amulet of reflection]

   It shields you and reflects attacks.
   It protects you from cold.
   It affects your resistance to hostile enchantments.
   It affects your SH (+5).
 L - the ring "Niattis" (left hand) {rF+ MR+ Str-2 Int+4 Dex+2}
   (You found it on level 5 of the Pits of Slime)

   [ring of protection from fire]

   It affects your strength (-2).
   It affects your intelligence (+4).
   It affects your dexterity (+2).
   It protects you from fire.
   It affects your resistance to hostile enchantments.
 P - an uncursed ring of protection from magic
Wands
 k - a wand of clouds (11)
 s - a wand of digging (14)
 M - a wand of iceblast (42)
 Q - a wand of acid (32)
Scrolls
 e - 4 scrolls of summoning
 h - 4 scrolls of magic mapping
 o - a scroll of silence
 t - 13 scrolls of teleportation
 E - 3 scrolls of blinking
 R - 7 scrolls of fog
 U - 21 scrolls of remove curse
 V - 3 scrolls of immolation
 W - 8 scrolls of fear
 Z - 7 scrolls of identify
Potions
 d - 7 potions of might
 i - 14 potions of curing
 j - 4 potions of ambrosia
 n - 5 potions of haste
 q - 9 potions of lignification
 r - a potion of cancellation
 w - 8 potions of agility
 x - 5 potions of heal wounds
 z - 3 potions of mutation
 C - 5 potions of resistance
 D - 7 potions of magic
 G - 6 potions of berserk rage
 X - 2 potions of invisibility
 Y - 6 potions of brilliance
Miscellaneous
 c - 3 phantom mirrors
 l - the horn of Geryon
 v - 3 boxes of beasts
 F - 3 sacks of spiders
 N - a lamp of fire
Comestibles
 f - 58 rations


   Skills:
 * Level 24.5 Fighting
 + Level 18.5 Axes
 - Level 13.2 Throwing
 - Level 22.6 Armour
 - Level 0.4 Dodging
 - Level 23.0 Shields
 * Level 5.3 Spellcasting
 * Level 5.0 Charms
 * Level 5.9 Necromancy
 - Level 15.3 Invocations
 - Level 10.1 Evocations


You had 33 spell levels left.
You knew the following spells:

 Your Spells              Type           Power        Failure   Level  Hunger
a - Regeneration          Chrm/Necr      ####......   28%         3    ##.....

Your spell library contained the following spells:

 Spells                   Type           Power        Failure   Level  Hunger
 Animate Skeleton         Necr           N/A          9%          1    None
 Pain                     Necr           ####         9%          1    None
 Infusion                 Chrm           ###.         12%         1    None
 Corpse Rot               Necr           N/A          12%         2    None
 Sublimation of Blood     Necr           ####......   12%         2    None
 Song of Slaying          Chrm           ###.....     17%         2    None
 Shroud of Golubria       Chrm/Tloc      ##....       43%         2    None
 Swiftness                Chrm/Air       ##......     43%         2    None
 Animate Dead             Necr           N/A          58%         4    ####...
 Apportation              Tloc           #.....       65%         1    None
 Beastly Appendage        Tmut           #.....       65%         1    None
 Confusing Touch          Hex            #.....       65%         1    None
 Corona                   Hex            #......      65%         1    None
 Flame Tongue             Conj/Fire      #....        65%         1    None
 Freeze                   Ice            #...         65%         1    None
 Magic Dart               Conj           #...         65%         1    None
 Sandblast                Erth           #.....       65%         1    None
 Shock                    Conj/Air       #...         65%         1    None
 Sting                    Conj/Pois      #...         65%         1    None
 Summon Butterflies       Summ           #.......     65%         1    None
 Summon Small Mammal      Summ           #...         65%         1    None
 Ozocubu's Armour         Chrm/Ice       ##......     65%         3    ##.....
 Spectral Weapon          Hex/Chrm       ##......     65%         3    ##.....
 Blink                    Tloc           N/A          77%         2    None
 Call Imp                 Summ           #.......     77%         2    None
 Ensorcelled Hibernation  Hex/Ice        #.....       77%         2    None
 Passwall                 Tmut/Erth      #.......     77%         2    None
 Poisonous Vapours        Pois/Air       #.....       77%         2    None
 Searing Ray              Conj           #.....       77%         2    None
 Slow                     Hex            #.......     77%         2    None
 Sticks to Snakes         Tmut           #.......     77%         2    None
 Throw Frost              Conj/Ice       #.....       77%         2    None
 Agony                    Necr           ####....     89%         5    #####..
 Dispel Undead            Necr           ####....     89%         5    #####..
 Call Canine Familiar     Summ           #.......     93%         3    ##.....
 Confuse                  Hex            #.......     93%         3    ##.....
 Conjure Flame            Conj/Fire      #.......     93%         3    ##.....
 Dazzling Spray           Conj/Hex       #.....       93%         3    ##.....
 Gell's Gravitas          Tloc           #.........   93%         3    ##.....
 Ignite Poison            Fire/Tmut/Pois #.......     93%         3    ##.....
 Inner Flame              Hex/Fire       #.......     93%         3    ##.....
 Lesser Beckoning         Tloc           #.........   93%         3    ##.....
 Mephitic Cloud           Conj/Pois/Air  #.......     93%         3    ##.....
 Portal Projectile        Hex/Tloc       #.....       93%         3    ##.....
 Recall                   Summ/Tloc      N/A          93%         3    ##.....
 Spider Form              Tmut/Pois      #.........   93%         3    ##.....
 Static Discharge         Conj/Air       #.......     93%         3    ##.....
 Stone Arrow              Conj/Erth      #.....       93%         3    ##.....
 Summon Guardian Golem    Hex/Summ       #.......     93%         3    ##.....
 Tukima's Dance           Hex            #.......     93%         3    ##.....
 Excruciating Wounds      Chrm/Necr      ####......   93%         5    #####..
 Bolt of Draining         Conj/Necr      ###.......   99%         5    #####..
 Borgnjor's Vile Clutch   Necr/Erth      ###.......   99%         5    #####..
 Airstrike                Air            #.........   100%        4    ####...
 Cause Fear               Hex            #.........   100%        4    ####...
 Force Lance              Conj/Tloc      #.......     100%        4    ####...
 Fulminant Prism          Conj/Hex       #.........   100%        4    ####...
 Ice Form                 Ice/Tmut       #.......     100%        4    ####...
 Iskenderun's Mystic Bla  Conj           #.......     100%        4    ####...
 Leda's Liquefaction      Hex/Erth       #.........   100%        4    ####...
 Olgreb's Toxic Radiance  Pois           #.......     100%        4    ####...
 Petrify                  Tmut/Erth      #.......     100%        4    ####...
 Summon Ice Beast         Ice/Summ       #.......     100%        4    ####...
 Summon Lightning Spire   Summ/Air       #.......     100%        4    ####...
 Throw Icicle             Conj/Ice       #.......     100%        4    ####...
 Alistair's Intoxication  Tmut/Pois      #.......     100%        5    #####..
 Aura of Abjuration       Summ           #.........   100%        5    #####..
 Blade Hands              Tmut           #.........   100%        5    #####..
 Fireball                 Conj/Fire      #.........   100%        5    #####..
 Irradiate                Conj/Tmut      #.........   100%        5    #####..
 Lee's Rapid Deconstruct  Erth           #.........   100%        5    #####..
 Lightning Bolt           Conj/Air       #.........   100%        5    #####..
 Metabolic Englaciation   Hex/Ice        #.........   100%        5    #####..
 Silence                  Hex/Air        #.........   100%        5    #####..
 Summon Demon             Summ           #.........   100%        5    #####..
 Summon Forest            Summ/Tloc      #.........   100%        5    #####..
 Summon Mana Viper        Hex/Summ       #.......     100%        5    #####..
 Venom Bolt               Conj/Pois      #.........   100%        5    #####..
 Yara's Violent Unravell  Hex/Tmut       #.........   100%        5    #####..
 Bolt of Cold             Conj/Ice       #.........   100%        6    #######
 Bolt of Fire             Conj/Fire      #.........   100%        6    #######
 Darkness                 Hex            #.........   100%        6    #######
 Death Channel            Necr           ####......   100%        6    #######
 Deflect Missiles         Chrm/Air       ##........   100%        6    #######
 Dispersal                Tloc           #.........   100%        6    #######
 Freezing Cloud           Conj/Ice/Air   #.........   100%        6    #######
 Hydra Form               Tmut           #.........   100%        6    #######
 Invisibility             Hex            #.......     100%        6    #######
 Ozocubu's Refrigeration  Ice            #.........   100%        6    #######
 Shadow Creatures         Summ           N/A          100%        6    #######
 Simulacrum               Ice/Necr       ###.......   100%        6    #######
 Statue Form              Tmut/Erth      #........    100%        6    #######
 Dragon Form              Tmut           #.........   100%        7    #######
 Ring of Flames           Chrm/Fire      ##........   100%        7    #######
 Controlled Blink         Tloc           N/A          100%        8    #######
 Discord                  Hex            #.........   100%        8    #######
 Disjunction              Tloc           #.........   100%        8    #######
 Ignition                 Fire           #.........   100%        8    #######
 Lehudib's Crystal Spear  Conj/Erth      #.........   100%        8    #######
 Dragon's Call            Summ           #.........   100%        9    #######
 Shatter                  Erth           #.........   100%        9    #######
 Tornado                  Air            #.........   100%        9    #######


Dungeon Overview and Level Annotations

Branches:
Dungeon (15/15)            Temple (0/1) D:7            Lair (6/6) D:8
 Shoals (4/4) Lair:4       Spider (4/4) Lair:4        Slime (5/5) Lair:6
    Orc (2/2) D:11            Elf (3/3) Orc:2        Vaults (5/5) D:14
  Crypt (3/3) Vaults:3       Tomb (0/3) Crypt:3      Depths (5/5) D:15
   Hell (1/1)                 Dis (0/7) Hell            Geh (1/7) Hell
    Coc (2/7) Hell            Tar (0/7) Hell            Zot (0/5) Depths:5

Altars:
Ashenzari
Dithmenos
Elyvilon
Fedhas
Hepliaklqana
Kikubaaqudgha
Makhleb
Nemelex Xobeh
Okawaru
Qazlal
Trog
Uskayaw
Xom
Yredelemnul
The Shining One
Beogh
Jiyva

Shops:
D:9 [   Orc:2 !%}   Elf:1 !?(   Elf:2 (   Depths:4 *

Portals:
Hell: Depths:1 Depths:2 Depths:3 Depths:4 Depths:5
Abyss: Depths:2 Depths:4
Pandemonium: Depths:1 Depths:2 Depths:3
Ziggurat: Depths:3

Annotations:
D:12 exclusion: downstairs
Elf:1 6 runed translucent doors
Vaults:2 Sudaz's ghost, veteran MiGl
Depths:4 exclusion: downstairs


Innate Abilities, Weirdness & Mutations

You have claws for feet.
You are completely covered in iridescent scales. (AC +6)
Your flesh is cold resistant. (rC+)
A meltable icy envelope protects you from harm. (AC +10)
You are extremely robust. (+30% HP)
You are completely covered in sharp spines.
You are immune to freezing clouds.
You have sharp fingernails.
Your mind is acute. (Int +2)
Your magical capacity is low. (-10% MP)
Your system is resistant to poisons. (rPois)


Message History

Your body is wracked with pain!
* * * LOW HITPOINT WARNING * * *
You slice the Brimstone Fiend!! You claw the Brimstone Fiend.
The Brimstone Fiend is almost dead.
The Brimstone Fiend gestures at you.
The sphere of damnation explodes!
The damnation engulfs you!!
* * * LOW HITPOINT WARNING * * *
The damnation engulfs the Brimstone Fiend.
The Brimstone Fiend completely resists.
You hit the Brimstone Fiend. Your kick misses the Brimstone Fiend.
The Brimstone Fiend is almost dead.
The Brimstone Fiend gestures at you.
The sphere of damnation explodes!
The damnation engulfs you!!!
* * * LOW HITPOINT WARNING * * *
The damnation engulfs the Brimstone Fiend.
The Brimstone Fiend completely resists.
You feel much better. The Brimstone Fiend gestures at you.
The sphere of damnation explodes!
The damnation engulfs you!!
You die...

#..............###...#...)...#
...##................#)......#
..................§≈.........#
.#.......##......§§§...###..##
##......##......[)§§§.##.##.#
#...............[∩[...'...#.#
######......≈§..#[°[..##.####
# #.......≈.§..§.....###
#...........@.§.....#
##........§.°1..#..## #
##.........##○..#...##
##+##....................##
§...##....................#
§≈........##.##..##.......#
.......####......##..##..##
..##.### ##....##########
.##### #.....#


You could see a Brimstone Fiend.

Vanquished Creatures
  the Royal Jelly (Slime:5)
  2 ancient liches
  Mennas (Depths:3)
  A juggernaut (Depths:4)
  Sojobo (Vaults:3)
  4 shard shrikes
  Bai Suzhen (Depths:2)
  Geryon (Hell)
  10 caustic shrikes
  5 golden dragons
  Nikola (Spider:3)
  A profane servitor (Crypt:2)
  2 bone dragons
  the Enchantress (Depths:5)
  The ghost of Qyisuosupp the Executioner, an adept MiBe of Trog (Vaults:2)
  2 Brimstone Fiends (Geh:1)
  3 Ice Fiends
  Jorgrun (Elf:2)
  5 tentacled monstrosities
  14 liches
  The ghost of Unoem the Warrior, an adept MiBe of Trog (Elf:1)
  A moon troll (WizLab)
  Asterion (Vaults:2)
  A quicksilver dragon (Depths:3)
  3 titans
  A deep elf master archer (Elf:3)
  2 krakens
  2 deep elf blademasters (Elf:3)
  2 ancient champions
  5 sphinxes
  18 acid blobs
  6 tentacled starspawn (WizLab)
  Polyphemus (Shoals:4)
  Donald (Vaults:4)
  Kirke (Spider:3)
  6 storm dragons
  12 tengu reavers
  3 shadow dragons
  A revenant (Crypt:2)
  20 azure jellies
  2 draconian knights
  21 vault wardens
  13 fire giants
  12 frost giants
  7 deep elf sorcerers
  An iron dragon (Depths:3)
  A draconian scorcher (Depths:5)
  5 ghost moths
  6 deep elf elementalists
  A draconian shifter (Depths:5)
  2 curse skulls
  7 ghouls
  3 cacodemons
  3 emperor scorpions
  A caustic shrike zombie (Hell)
  6 spriggan defenders
  18 ironheart preservers
  6 reapers
  3 balrugs
  22 very ugly things
  22 stone giants
  9 war gargoyles
  4 entropy weavers
  Nessos (Lair:4)
  A black draconian (Depths:5)
  12 deep elf demonologists
  10 vampire knights
  2 lorocyprocas
  8 deep elf annihilators
  A yellow draconian (Depths:5)
  A white draconian (Depths:5)
  A purple draconian (Depths:5)
  14 spark wasps
  4 blizzard demons
  4 merfolk javelineers
  14 ettins
  7 merfolk impalers
  8 deep elf death magi
  9 fire dragons
  16 death oozes
  3 eidola (Crypt:2)
  6 crystal guardians
  12 jiangshi
  2 kraken zombies
  29 yaktaur captains
  8 deep elf high priests
  7 ragged hierophants (Desolation)
  12 great orbs of eyes
  3 quicksilver dragon skeletons
  37 vault guards
  4 rakshasas
  4 hydras
  A hell beast (Depths:4)
  17 ice dragons
  2 servants of whispers
  Harold (D:11)
  A peacekeeper (Desolation)
  6 spriggan air magi
  A catoblepas (shapeshifter) (Elf:3)
  3 merfolk avatars
  6 centaur warriors
  A catoblepas (Shoals:4)
  2 ghost crabs (Crypt:2)
  34 dancing weapons
  6 death knights
  7 merfolk aquamancers (Shoals:4)
  An anaconda (shapeshifter) (Vaults:5)
  54 two-headed ogres
  4 deep troll shamans
  2 alligator snapping turtles
  A satyr (Shoals:4)
  6 death yaks
  17 ogre magi
  A queen ant (Spider:2)
  6 titan zombies
  6 deep troll earth magi
  18 spriggan berserkers
  15 tengu warriors
  7 vampire magi
  2 iron golems (Hell)
  A shock serpent (shapeshifter) (Vaults:4)
  7 hell hogs (Geh:1)
  2 orc high priests
  19 deep elf knights
  8 storm dragon zombies
  2 titan skeletons (Coc:2)
  6 sun demons
  A small abomination (Depths:3)
  6 soul eaters
  2 wretched stars (WizLab)
  2 shadow wraiths
  A storm dragon skeleton (Coc:2)
  62 skeletal warriors
  An orange crystal statue (WizLab)
  32 hell knights
  4 iron trolls
  2 quicksilver dragon simulacra (Depths:3)
  10 sea snakes
  5 anaconda zombies
  A deep troll (shapeshifter) (Vaults:1)
  36 deep trolls
  3 golden dragon zombies
  11 flayed ghosts
  8 glowing orange brains
  An unseen horror (shapeshifter) (Elf:2)
  A naga ritualist (Depths:4)
  A kraken simulacrum (Hell)
  46 deep elf magi
  8 wizards
  17 starcursed masses (WizLab)
  2 unseen horrors
  27 harpies
  5 anaconda skeletons
  17 ironbrand convokers
  A tengu zombie (Hell)
  Pikel (D:6)
  A wolf spider zombie (Crypt:2)
  19 deep elf archers
  3 shadow dragon zombies
  11 phantasmal warriors
  2 golden dragon skeletons
  20 orb spiders
  9 orc knights
  17 necromancers
  35 wolf spiders
  2 frost giant zombies
  A wolf spider (shapeshifter) (Depths:2)
  4 fire giant zombies
  3 iron dragon zombies
  An orb spider (shapeshifter) (Vaults:2)
  10 fauns
  23 cyclopes
  A salamander (shapeshifter) (Vaults:2)
  A shadow dragon skeleton (Geh:1)
  31 ugly things
  An oklob plant (Lair:3)
  15 manticores
  3 stone giant zombies
  5 orc sorcerers
  A salamander (Depths:2)
  5 iron dragon skeletons
  A black mamba (shapeshifter) (Vaults:2)
  18 rust devils
  Maurice (D:8)
  3 water nymphs
  2 stone giant skeletons
  18 elephants
  8 merfolk sirens
  3 guardian serpents
  A guardian serpent (shapeshifter) (D:13)
  17 vault sentinels
  2 frost giant skeletons (Coc:2)
  2 ice statues
  2 shock serpent zombies
  2 dire elephant zombies
  A smoke demon (Hell)
  5 spectral swamp worms (Depths:1)
  17 spiny frogs
  A molten gargoyle (Desolation)
  7 black mambas
  A torpor snail (Spider:2)
  6 eyes of devastation (WizLab)
  A shock serpent skeleton (Geh:1)
  A dire elephant skeleton (Geh:1)
  A komodo dragon (shapeshifter) (Vaults:4)
  A spiny frog (shapeshifter) (Vaults:2)
  4 hellions (Geh:1)
  A pale draconian zombie (Crypt:2)
  An alligator snapping turtle skeleton (Crypt:1)
  4 efreet (Depths:3)
  A rime drake (Lair:1)
  6 komodo dragons
  An emperor scorpion zombie (Coc:2)
  A catoblepas zombie (Hell)
  7 ice devils
  28 freezing wraiths
  67 yaktaurs
  2 yaktaur skeletons
  3 kobold demonologists (D:11)
  A minotaur zombie (Geh:1)
  5 tormentors
  9 demonic crawlers
  A purple draconian skeleton (Hell)
  7 tengu conjurers
  19 red devils
  A red draconian skeleton (Crypt:2)
  2 trolls
  A meliai (shapeshifter) (Vaults:4)
  24 merfolk
  A polar bear (Lair:6)
  5 tyrant leeches (Lair:6)
  8 hydra zombies
  A polar bear (shapeshifter) (Vaults:5)
  47 jumping spiders
  4 hydra skeletons
  12 hornets
  2 harpy skeletons
  A wolf spider simulacrum (Coc:1)
  A wind drake (Shoals:1)
  2 alligator zombies
  17 blink frogs
  Grinder (D:4)
  9 hippogriffs
  A dream sheep (shapeshifter) (Depths:2)
  25 dream sheep
  Prince Ribbit (D:7)
  2 bog bodies (Crypt:1)
  3 ettin zombies
  17 saltlings
  90 slime creatures
  11 snapping turtles
  2 deep troll zombies (Hell)
  3 fire dragon zombies
  3 ice dragon zombies (Hell)
  A stone giant simulacrum (Depths:1)
  Sigmund (D:2)
  57 flying skulls
  14 shadows
  33 tarantellas
  83 redbacks
  A vampire (D:11)
  2 air elementals
  2 fire dragon skeletons
  19 wraiths
  3 ettin skeletons
  19 humans
  22 water elementals
  An elf zombie (Hell)
  8 spriggans
  40 yaks
  9 fire elementals
  7 golden eyes (WizLab)
  A hog (shapeshifter) (Vaults:1)
  A wyvern (D:11)
  2 humans (shapeshifter)
  2 steam dragons
  2 basilisks
  An alligator skeleton (Coc:2)
  3 ice dragon skeletons
  6 vampire mosquitoes (Lair:6)
  5 hungry ghosts
  2 neqoxecs (WizLab)
  8 wargs
  Menkaure (D:7)
  3 acid dragons
  A two-headed ogre zombie (D:11)
  15 soldier ants
  Duvessa (D:7)
  2 floating eyes
  7 porcupines
  2 torturous demonspawn skeletons (Crypt:1)
  12 ice beasts
  7 hell hounds
  6 spiny frog zombies
  14 water moccasins
  37 orc warriors
  2 spiny frog skeletons
  5 ettin simulacra
  5 eyes of draining
  A lindwurm zombie (Crypt:2)
  A manticore zombie (Coc:2)
  A black bear (shapeshifter) (Vaults:4)
  A fire dragon simulacrum (Crypt:2)
  An ice dragon simulacrum (Coc:2)
  67 ogres
  5 phantoms
  5 necrophages
  7 sky beasts
  4 black bears
  20 wolves
  A tengu (shapeshifter) (Vaults:4)
  12 centaurs
  7 boggarts
  3 snapping turtle skeletons
  A swamp dragon skeleton (Hell)
  22 crocodiles
  A manticore skeleton (Crypt:3)
  An elephant skeleton (Crypt:1)
  Blork the orc (D:6)
  34 bullfrogs
  6 big kobolds
  2 gnoll sergeants
  3 earth elementals
  Dowan (D:7)
  A wyvern zombie (D:12)
  An elf skeleton (Crypt:3)
  9 scorpions
  2 spriggan zombies
  2 troll zombies (D:11)
  9 killer bees (D:10)
  9 wights (Geh:1)
  3 howler monkeys
  2 electric eels (Lair:4)
  3 centaur zombies
  13 crimson imps
  10 hounds
  24 orc priests
  Crazy Yiuf (D:5)
  A bullfrog skeleton (D:7)
  27 orc wizards
  A gnoll shaman (D:4)
  4 centaur skeletons
  6 jellies
  4 iguanas
  Jessica (D:3)
  29 worker ants
  A killer bee zombie (D:6)
  A big kobold zombie (Crypt:1)
  5 ogre zombies (D:11)
  A dwarf zombie (Crypt:2)
  A deep dwarf zombie (Crypt:1)
  A felid skeleton (Crypt:2)
  A hound zombie (D:5)
  A hound skeleton (D:5)
  A mummy (Coc:2)
  A worker ant zombie (D:8)
  Robin (D:3)
  A howler monkey skeleton (D:5)
  6 gnolls
  3 river rats
  13 adders
  3 shadow imps
  3 white imps
  An ooze (shapeshifter) (Depths:5)
  11 oozes
  2 adder zombies
  An adder skeleton (D:9)
  10 worms
  A dart slug (D:5)
  4 leopard geckos
  106 orcs
  6 ball pythons
  2 bats (D:1)
  14 giant cockroaches
  11 goblins
  4 hobgoblins
  8 jackals
  6 quokkas
  7 frilled lizards
  A frilled lizard skeleton (Crypt:1)
  3 goblin skeletons (D:11)
  A goblin zombie (D:11)
  2 hobgoblin skeletons (D:11)
  A hobgoblin zombie (Crypt:2)
  22 kobolds
  A kobold skeleton (Crypt:2)
  A leopard gecko skeleton (D:7)
  2 leopard gecko zombies (D:5)
  An orc simulacrum (Crypt:2)
  3 orc skeletons (D:11)
  16 orc zombies
  11 rats
  A crawling corpse (Depths:3)
  2 fire vortices (Geh:1)
  3 fungi
  5 plants
  9 starspawn tentacles (WizLab)
  14 tentacles
3141 creatures vanquished.

Vanquished Creatures (collateral kills)
  Jory (Depths:4)
  A shadow dragon (Depths:2)
  An azure jelly (Slime:1)
  Ilsuiw (Shoals:4)
  3 entropy weavers (Spider:2)
  A very ugly thing (Depths:5)
  2 merfolk javelineers (Shoals:4)
  An ettin (Vaults:5)
  Josephine (Shoals:1)
  2 ice dragons
  2 yaktaur captains (Vaults:5)
  A hydra (D:13)
  A merfolk aquamancer (Shoals:4)
  A two-headed ogre (Vaults:5)
  A queen ant (shapeshifter) (Depths:2)
  2 dancing weapons (Elf:2)
  A tengu warrior (Depths:3)
  2 deep elf knights (Elf:2)
  A hell knight (Geh:1)
  A deep elf archer (Elf:2)
  An orc sorcerer (Elf:2)
  6 deep elf magi (Elf:2)
  An ironbrand convoker (Vaults:5)
  A shining eye (Slime:1)
  5 ugly things
  A faun (Shoals:1)
  A water nymph (Shoals:4)
  6 merfolk (Shoals:4)
  A snapping turtle (Shoals:4)
  3 hornets
  6 saltlings (Desolation)
  A dream sheep (Shoals:4)
  A wind drake (Shoals:1)
  2 spriggans (Depths:5)
  A redback (Spider:3)
  A tarantella (Spider:3)
  A water elemental (Shoals:4)
  2 wraiths (Shoals:1)
  A hog (Spider:3)
  3 soldier ants (Spider:2)
  2 orc warriors
  3 orcs
77 creatures vanquished.

Vanquished Creatures (others)
  A deep elf master archer (Elf:3)
  3 eldritch tentacles
  2 stone giants (Depths:2)
  An ettin (Vaults:2)
  A yaktaur captain (Depths:1)
  An ogre mage (Vaults:3)
  A vault guard (Vaults:5)
  A deep elf high priest (Vaults:5)
  A deep troll shaman (Depths:2)
  A tengu warrior (Depths:3)
  2 deep elf knights (Elf:1)
  A skeletal warrior (Crypt:1)
  2 deep elf magi (Elf:2)
  A wolf spider (Spider:4)
  An orb spider (Spider:4)
  An ugly thing (Depths:5)
  A torpor snail (Spider:3)
  6 yaktaurs
  A jumping spider (Spider:3)
  A merfolk (Shoals:4)
  A slime creature (Depths:2)
  A flying skull (Coc:2)
  2 redbacks
  A tarantella (Spider:3)
  A floating eye (Depths:3)
  A slave (D:6)
  An ogre (Vaults:5)
  An orc wizard (Orc:2)
  3 orcs
  A goblin zombie (D:11)
  2 demonic plants (WizLab)
  22 fungi
  44 plants
  8 starspawn tentacles (WizLab)
  23 tentacles
  6 withered plants (Vaults:2)
148 creatures vanquished.

Grand Total: 3366 creatures vanquished

Notes
Turn   | Place    | Note
-------+----------+-------------------------------------------
     0 | D:1      | Arang the Demonspawn Fighter began the quest for the Orb.
     0 | D:1      | Reached XP level 1. HP: 18/18 MP: 1/1
   278 | D:1      | Gained mutation: You are partially covered in sharp spines.
                  | [demonic ancestry]
   278 | D:1      | Reached XP level 2. HP: 24/24 MP: 2/2
  1065 | D:2      | Noticed a phantom
  1559 | D:2      | Reached XP level 3. HP: 27/29 MP: 3/3
  1678 | D:2      | Found a shadowy altar of Dithmenos.
  1913 | D:3      | Noticed Sigmund
  1930 | D:2      | Killed Sigmund
  1930 | D:2      | Reached XP level 4. HP: 14/37 MP: 4/4
  1930 | D:2      | Gained mutation: You are mostly covered in sharp spines.
                  | [demonic ancestry]
  1930 | D:2      | Reached XP level 5. HP: 16/42 MP: 5/5
  2121 | D:3      | Noticed Jessica
  2142 | D:3      | Killed Jessica
  2148 | D:3      | Noticed an ogre
  2492 | D:3      | Gained mutation: You are partially covered in iridescent
                  | scales. (AC +2) [demonic ancestry]
  2492 | D:3      | Reached XP level 6. HP: 48/48 MP: 6/6
  2973 | D:3      | Reached skill level 5 in Axes
  3194 | D:3      | Identified the +1 helmet "Hero's Friend" {rPois}
  3194 | D:3      | Noticed Robin
  3231 | D:3      | Killed Robin
  3618 | D:4      | Found a bloodstained altar of Trog.
  3964 | D:4      | Reached XP level 7. HP: 53/53 MP: 7/7
  4295 | D:4      | Noticed Grinder
  4312 | D:4      | Paralysed by Grinder for 2 turns
  4481 | D:4      | Paralysed by Grinder for 7 turns
  4498 | D:4      | Paralysed by Grinder for 5 turns
  4504 | D:4      | Paralysed by Grinder for 7 turns
  4513 | D:4      | Paralysed by Grinder for 4 turns
  4552 | D:4      | Paralysed by Grinder for 2 turns
  4564 | D:4      | Paralysed by Grinder for 4 turns
  4679 | D:4      | Killed Grinder
  4679 | D:4      | Reached skill level 1 in Throwing
  5308 | D:5      | Entered Level 5 of the Dungeon
  5394 | D:5      | Gained mutation: You are completely covered in sharp
                  | spines. [demonic ancestry]
  5394 | D:5      | Reached XP level 8. HP: 59/60 MP: 8/8
  5544 | D:5      | Found a glowing golden altar of the Shining One.
  5544 | D:5      | Found a shattered altar of Ashenzari.
  5545 | D:5      | Found a shimmering altar of Xom.
  5555 | D:5      | Found a white marble altar of Elyvilon.
  6402 | D:5      | Found a runed translucent door.
  6403 | D:5      | Noticed Crazy Yiuf
  6892 | D:5      | Killed Crazy Yiuf
  7138 | D:6      | Gained mutation: You have sharp toenails. [demonic
                  | ancestry]
  7138 | D:6      | Reached XP level 9. HP: 57/64 MP: 9/9
  7187 | D:6      | Noticed Pikel
  7329 | D:6      | Found a glowing drain.
  7336 | Sewer    | Entered a sewer
  7533 | Sewer    | Reached skill level 10 in Axes
  8214 | D:6      | Killed Pikel
  8214 | D:6      | Reached skill level 4 in Fighting
  8503 | D:6      | Noticed Blork the orc
  8506 | D:6      | Killed Blork the orc
  9008 | D:7      | Found a stormy altar of Qazlal.
  9046 | D:7      | Noticed Prince Ribbit
  9061 | D:7      | Killed Prince Ribbit
  9235 | D:7      | Became a worshipper of Qazlal Stormbringer
  9269 | D:7      | Noticed Menkaure
  9281 | D:7      | Killed Menkaure
  9293 | D:7      | Noticed Duvessa
  9493 | D:7      | Killed Duvessa
  9493 | D:7      | Reached XP level 10. HP: 73/73 MP: 10/10
  9502 | D:7      | Noticed Dowan
  9518 | D:7      | Killed Dowan
 10140 | D:7      | Found a staircase to the Ecumenical Temple.
 10270 | D:8      | Noticed Maurice
 10301 | D:8      | Killed Maurice
 10301 | D:8      | Reached skill level 5 in Fighting
 10301 | D:8      | Reached skill level 5 in Armour
 10597 | D:8      | Found a staircase to the Lair.
 10699 | D:8      | Reached * piety under Qazlal
 10942 | D:8      | Reached skill level 5 in Shields
 10951 | D:8      | Found an ancient bone altar of Kikubaaqudgha.
 10995 | D:8      | Found a burning altar of Makhleb.
 11000 | D:8      | Found an iron altar of Okawaru.
 11212 | D:9      | Found Siuntogg's Antique Armour Shop.
 11215 | D:9      | Bought a dazzling chain mail for 218 gold pieces
 11216 | D:9      | Noticed a two-headed ogre
 11225 | D:9      | Killed a two-headed ogre
 11542 | D:9      | Reached XP level 11. HP: 77/81 MP: 9/11
 11584 | D:9      | Reached ** piety under Qazlal
 11781 | D:9      | Found a hide-covered altar of Uskayaw.
 11925 | D:10     | Entered Level 10 of the Dungeon
 12249 | D:10     | Reached skill level 6 in Fighting
 12696 | D:10     | Found a shadowy altar of Dithmenos.
 12698 | D:10     | Reached *** piety under Qazlal
 13312 | D:11     | Reached skill level 1 in Invocations
 13416 | D:11     | Identified the +14 chain mail of Jireican {+Fly MP+9} (You
                  | bought it in a shop on level 9 of the Dungeon)
 13530 | D:11     | Reached **** piety under Qazlal
 13571 | D:11     | Reached skill level 7 in Fighting
 13716 | D:11     | Noticed Harold
 13740 | D:11     | Killed Harold
 13753 | D:11     | Gained mutation: Your flesh is cold resistant. (rC+)
                  | [demonic ancestry]
 13753 | D:11     | Reached XP level 12. HP: 79/91 MP: 15/15
 13867 | D:11     | Found a staircase to the Orcish Mines.
 14328 | D:12     | Noticed a centaur warrior
 14342 | D:12     | Killed a centaur warrior
 14418 | D:12     | Reached ***** piety under Qazlal
 14552 | D:12     | Reached skill level 5 in Invocations
 14674 | D:12     | Noticed an eight-headed hydra
 14682 | D:12     | Killed a nine-headed hydra
 15212 | D:13     | Noticed a death knight
 15226 | D:12     | Killed a death knight
 15735 | D:13     | Noticed a four-headed hydra
 15784 | D:13     | Killed a five-headed hydra
 16243 | D:14     | Reached skill level 8 in Fighting
 16331 | D:14     | Reached XP level 13. HP: 94/98 MP: 18/18
 16680 | D:14     | Found a gate to the Vaults.
 16830 | D:14     | Found a shattered altar of Ashenzari.
 17016 | D:14     | Found a blossoming altar of Fedhas.
 17311 | D:15     | Entered Level 15 of the Dungeon
 17391 | D:15     | Reached skill level 9 in Fighting
 17394 | D:15     | Noticed a fire dragon
 17402 | D:15     | Killed a fire dragon
 17550 | D:15     | Reached skill level 15 in Axes
 18232 | D:15     | Found a staircase to the Depths.
 18739 | Lair:1   | Entered Level 1 of the Lair of Beasts
 19377 | Lair:2   | Gained mutation: You have razor-sharp toenails. [demonic
                  | ancestry]
 19377 | Lair:2   | Reached XP level 14. HP: 101/108 MP: 20/20
 19461 | Lair:2   | Reached ****** piety under Qazlal
 19461 | Lair:2   | Reached skill level 10 in Shields
 21525 | Lair:4   | Found a shimmering altar of Xom.
 21624 | Lair:4   | Found a hole to the Spider Nest.
 21665 | Lair:4   | Noticed Nessos
 21690 | Lair:4   | Killed Nessos
 22516 | Lair:4   | Found a staircase to the Shoals.
 22660 | Lair:4   | Gained mutation: Your flesh is heat resistant. (rF+)
                  | [potion of mutation]
 22660 | Lair:4   | Gained mutation: You can translocate small distances at
                  | will. [potion of mutation]
 23581 | Lair:5   | Identified the +10 mace "Naemic" {venom, Str+3} (You found
                  | it on level 5 of the Lair of Beasts)
 23616 | Lair:6   | Entered Level 6 of the Lair of Beasts
 23633 | Lair:6   | Reached skill level 5 in Throwing
 23668 | Lair:6   | Reached skill level 10 in Fighting
 23670 | Lair:6   | Reached skill level 10 in Armour
 23783 | Lair:6   | Gained mutation: You are mostly covered in iridescent
                  | scales. (AC +4) [demonic ancestry]
 23783 | Lair:6   | Reached XP level 15. HP: 94/115 MP: 21/21
 24054 | Lair:6   | Found a viscous altar of Jiyva.
 24054 | Lair:6   | Found a staircase to the Slime Pits.
 24909 | Orc:1    | Entered Level 1 of the Orcish Mines
 25062 | Orc:2    | Entered Level 2 of the Orcish Mines
 25327 | Orc:2    | Paralysed by an ogre mage for 4 turns
 25791 | Orc:2    | Found Nastutec's Distillery.
 25791 | Orc:2    | Found Tulem's Gadget Emporium.
 25792 | Orc:2    | Found Diuroith's Antique Armour Shoppe.
 25792 | Orc:2    | Found Orilol's Food Boutique.
 25920 | Orc:2    | Found a staircase to the Elven Halls.
 26116 | Orc:2    | Found a roughly hewn altar of Beogh.
 26726 | Orc:1    | Paralysed by an orc sorcerer for 7 turns
 27339 | Spider:1 | Entered Level 1 of the Spider Nest
 27359 | Lair:4   | Reached skill level 11 in Fighting
 28063 | Spider:1 | Gained mutation: You are immune to freezing clouds.
                  | [demonic ancestry]
 28063 | Spider:1 | Reached XP level 16. HP: 125/125 MP: 22/22
 30300 | Spider:2 | Identified Sotaata's Guide on the Mountains
 30955 | Spider:3 | Noticed Nikola
 30972 | Spider:3 | Noticed Kirke
 30982 | Spider:3 | Killed Nikola
 30985 | Spider:3 | Killed Kirke
 30985 | Spider:3 | Reached skill level 10 in Invocations
 31472 | Spider:4 | Entered Level 4 of the Spider Nest
 32309 | Spider:4 | Gained mutation: You are robust. (+10% HP) [demonic
                  | ancestry]
 32309 | Spider:4 | Reached XP level 17. HP: 127/146 MP: 24/24
 32366 | Spider:4 | HP: 2/146 [spark wasp (13)]
 33227 | Spider:4 | Got a gossamer rune of Zot
 33444 | Spider:4 | Reached skill level 12 in Fighting
 33985 | Elf:1    | Entered Level 1 of the Elven Halls
 34026 | Elf:1    | Found Oxeudakk's Distillery.
 34028 | Elf:1    | Found Udweig's Magic Scroll Emporium.
 34030 | Elf:1    | Found Itaje's Antique Weapon Shoppe.
 34034 | Elf:1    | Bought a potion of haste for 130 gold pieces
 34034 | Elf:1    | Bought a potion of haste for 130 gold pieces
 34036 | Elf:1    | Bought a scroll of blinking for 97 gold pieces
 34036 | Elf:1    | Bought a scroll of magic mapping for 45 gold pieces
 34038 | Elf:1    | Bought a slimy trident for 212 gold pieces
 34038 | Elf:1    | Identified the +7 trident "Hydrabane" {pierce, *Corrode MR+
                  | Dex+3} (You bought it in a shop on level 1 of the Elven
                  | Halls)
 34115 | Elf:1    | Noticed Unoem's ghost (adept MiBe)
 34118 | Elf:1    | Found a runed translucent gate.
 34118 | Elf:1    | Found a runed translucent gate.
 34118 | Elf:1    | Found a runed translucent gate.
 34167 | Elf:1    | Gained mutation: Scrolls take you a little longer to read.
                  | [a neqoxec]
 34470 | Elf:1    | You fall into a shaft and drop 1 floor!
 34511 | Elf:2    | Gained mutation: You do not regenerate when monsters are
                  | visible. [a neqoxec]
 36176 | Elf:1    | Noticed an Ice Fiend
 36432 | Elf:1    | Noticed a Hell Sentinel
 36517 | Elf:1    | Found a runed translucent gate.
 36517 | Elf:1    | Found a runed translucent gate.
 36517 | Elf:1    | Found a runed translucent gate.
 36517 | Elf:1    | Found a runed translucent gate.
 36517 | Elf:1    | Found a runed translucent gate.
 36518 | Elf:1    | Found a runed translucent gate.
 36617 | Elf:2    | Found Jihurrei's Weapon Boutique.
 36936 | Elf:2    | Reached XP level 18. HP: 147/156 MP: 25/25
 36988 | Elf:2    | Found a runed translucent gate.
 36988 | Elf:2    | Found a runed translucent gate.
 37119 | Elf:2    | Found a runed translucent gate.
 37692 | Elf:2    | Reached skill level 13 in Fighting
 37718 | Elf:2    | Noticed Jorgrun
 38130 | Elf:2    | Killed Jorgrun
 38130 | Elf:2    | Reached skill level 15 in Shields
 39270 | Shoals:1 | Entered Level 1 of the Shoals
 39285 | Shoals:1 | Noticed Josephine
 39307 | Shoals:1 | Killed Josephine
 41044 | Shoals:1 | Upgraded the game from 0.24-a0-525-g9231cdcba1 to
                  | 0.24-a0-528-g98e85ec62a
 41100 | Shoals:2 | Reached skill level 1 in Evocations
 41841 | Shoals:2 | Lost mutation: Scrolls take you a little longer to read.
                  | [potion of mutation]
 41841 | Shoals:2 | Lost mutation: You can translocate small distances at will.
                  | [potion of mutation]
 41841 | Shoals:2 | Lost mutation: Your flesh is heat resistant. (rF+) [potion
                  | of mutation]
 41841 | Shoals:2 | Gained mutation: You can translocate small distances at
                  | will. [potion of mutation]
 41841 | Shoals:2 | Gained mutation: You are completely covered in iridescent
                  | scales. (AC +6) [potion of mutation]
 42238 | Elf:1    | Bought a potion of mutation for 104 gold pieces
 42238 | Elf:1    | Bought a potion of haste for 130 gold pieces
 42238 | Elf:1    | Lost mutation: You can translocate small distances at will.
                  | [potion of mutation]
 42238 | Elf:1    | Lost mutation: You do not regenerate when monsters are
                  | visible. [potion of mutation]
 42238 | Elf:1    | Gained mutation: You have sharp fingernails. [potion of
                  | mutation]
 42238 | Elf:1    | Gained mutation: You have a beak for a mouth. [potion of
                  | mutation]
 43112 | Shoals:3 | Lost mutation: You have sharp fingernails. [potion of
                  | mutation]
 43112 | Shoals:3 | Lost mutation: You are completely covered in iridescent
                  | scales. (AC +6) [potion of mutation]
 43112 | Shoals:3 | Gained mutation: You are agile. (Dex +2) [potion of
                  | mutation]
 43112 | Shoals:3 | Gained mutation: You are very agile. (Dex +4) [potion of
                  | mutation]
 43112 | Shoals:3 | Gained mutation: You expend magic power (3 MP) to
                  | strengthen your wands. [potion of mutation]
 43562 | Shoals:4 | Entered Level 4 of the Shoals
 43572 | Shoals:4 | Noticed Ilsuiw
 43604 | Shoals:4 | Killed Ilsuiw
 43613 | Shoals:4 | Gained mutation: You are very robust. (+20% HP) [demonic
                  | ancestry]
 43613 | Shoals:4 | Reached XP level 19. HP: 49/181 MP: 5/27
 43623 | Shoals:4 | Reached skill level 14 in Fighting
 44447 | Shoals:4 | Noticed Polyphemus
 44479 | Shoals:4 | Killed Polyphemus
 44907 | Shoals:4 | Identified the +3 scale mail of Vanity {MP+9}
 45693 | Shoals:4 | Got a barnacled rune of Zot
 45935 | Shoals:4 | Got a bloodstained war axe
 45936 | Shoals:4 | Identified the +3 war axe of Sharkskin {flame, *Noise rPois
                  | Int+4} (You found it on level 4 of the Shoals)
 46375 | Vaults:1 | Entered Level 1 of the Vaults
 46522 | Vaults:1 | Found a ruined gateway.
 46597 | Desolati | Entered the Desolation of Salt
 46626 | Desolati | Reached skill level 5 in Evocations
 46641 | Desolati | HP: 3/184 [ragged hierophant/a resonance strike (30)]
 47427 | Vaults:1 | Reached skill level 15 in Fighting
 48292 | Vaults:1 | Reached skill level 15 in Armour
 49090 | Vaults:2 | Gained mutation: A meltable icy envelope protects you from
                  | harm. (AC +10) [demonic ancestry]
 49090 | Vaults:2 | Reached XP level 20. HP: 195/195 MP: 28/28
 49266 | Vaults:2 | Noticed Asterion
 49285 | Vaults:2 | Gained mutation: You have a pair of small antennae on your
                  | head. [a cacodemon]
 49287 | Vaults:2 | Killed Asterion
 49294 | Vaults:2 | You fall into a shaft and drop 1 floor!
 49340 | Vaults:2 | Found a magical portal.
 49382 | WizLab   | Entered Lehudib's Moon Base
 49404 | WizLab   | Reached skill level 16 in Fighting
 49707 | WizLab   | Paralysed by accursed screaming for 1 turns
 50258 | WizLab   | Gained mutation: Your body sometimes deteriorates upon
                  | taking damage. [a neqoxec]
 50261 | WizLab   | Gained mutation: You have sharp fingernails. [a neqoxec]
 50269 | WizLab   | Gained mutation: You are dopey. (Int -2) [a cacodemon]
 50348 | WizLab   | Gained mutation: Armour fits poorly on your strangely
                  | shaped body. [a neqoxec]
 50578 | WizLab   | Found a transporter.
 50640 | WizLab   | Found a transporter.
 51456 | WizLab   | Identified Lehudib's Grimoire of Clay and Dislocation
 51462 | WizLab   | Lost mutation: You have a pair of small antennae on your
                  | head. [potion of mutation]
 51462 | WizLab   | Lost mutation: You are dopey. (Int -2) [potion of mutation]
 51462 | WizLab   | Lost mutation: You are very agile. (Dex +4) [potion of
                  | mutation]
 51462 | WizLab   | Gained mutation: You are weak. (Str -2) [potion of
                  | mutation]
 51462 | WizLab   | Gained mutation: You have an increased reservoir of magic.
                  | (+10% MP) [potion of mutation]
 51462 | WizLab   | Lost mutation: You are agile. (Dex +2) [potion of mutation]
 51462 | WizLab   | Gained mutation: You have claws for feet. [potion of
                  | mutation]
 51463 | WizLab   | Lost mutation: You have claws for feet. [potion of
                  | mutation]
 51463 | WizLab   | Lost mutation: Armour fits poorly on your strangely shaped
                  | body. [potion of mutation]
 51463 | WizLab   | Lost mutation: You are weak. (Str -2) [potion of mutation]
 51463 | WizLab   | Gained mutation: You evolve. [potion of mutation]
 51463 | WizLab   | Gained mutation: Your muscles are strong. (Str +2) [potion
                  | of mutation]
 51464 | WizLab   | Lost mutation: Your body sometimes deteriorates upon taking
                  | damage. [potion of mutation]
 51464 | WizLab   | Lost mutation: You have an increased reservoir of magic.
                  | (+10% MP) [potion of mutation]
 51464 | WizLab   | Lost mutation: Your muscles are strong. (Str +2) [potion of
                  | mutation]
 51464 | WizLab   | Gained mutation: You are weak. (Str -2) [potion of
                  | mutation]
 51464 | WizLab   | Gained mutation: You are completely covered in iridescent
                  | scales. (AC +6) [potion of mutation]
 51465 | WizLab   | Lost mutation: You are completely covered in iridescent
                  | scales. (AC +6) [potion of mutation]
 51465 | WizLab   | Lost mutation: You are weak. (Str -2) [potion of mutation]
 51465 | WizLab   | Lost mutation: You evolve. [potion of mutation]
 51465 | WizLab   | Gained mutation: Your system is resistant to poisons.
                  | (rPois) [potion of mutation]
 51465 | WizLab   | Gained mutation: You are resistant to hostile enchantments.
                  | (MR+) [potion of mutation]
 51465 | WizLab   | Gained mutation: You are somewhat resistant to further
                  | mutation. [potion of mutation]
 51479 | WizLab   | Lost mutation: You expend magic power (3 MP) to strengthen
                  | your wands. [potion of mutation]
 51479 | WizLab   | Lost mutation: You are resistant to hostile enchantments.
                  | (MR+) [potion of mutation]
 51479 | WizLab   | Lost mutation: Your system is resistant to poisons. (rPois)
                  | [potion of mutation]
 51579 | Vaults:2 | Reached skill level 17 in Fighting
 51714 | Vaults:2 | Found a runed translucent gate.
 51714 | Vaults:2 | Found a runed translucent gate.
 51714 | Vaults:2 | Found a runed translucent gate.
 51715 | Vaults:2 | Noticed Qyisuosupp's ghost (adept MiBe)
 51717 | Vaults:2 | Noticed Sudaz's ghost (veteran MiGl)
 51815 | Vaults:2 | Identified the Reference Book on the Frostbite and Darkness
 52395 | Vaults:2 | Gained mutation: You have claws for feet. [demonic
                  | ancestry]
 52395 | Vaults:2 | Reached XP level 21. HP: 208/208 MP: 29/29
 52613 | Vaults:2 | Identified the +5 rapier "Dyrim" {freeze, +Fly}
 53439 | Elf:1    | Killed Unoem's ghost
 53982 | Vaults:2 | Killed Qyisuosupp's ghost
 54046 | Vaults:2 | Identified the +1 ring mail of Past Mistakes {rElec rPois
                  | Int+4 Slay-6} (You found it on level 2 of the Vaults)
 54994 | Vaults:2 | Lost mutation: You are somewhat resistant to further
                  | mutation. [potion of mutation]
 54994 | Vaults:2 | Lost mutation: You have a beak for a mouth. [potion of
                  | mutation]
 54994 | Vaults:2 | Gained mutation: Your system is resistant to poisons.
                  | (rPois) [potion of mutation]
 54994 | Vaults:2 | Gained mutation: Your mind is acute. (Int +2) [potion of
                  | mutation]
 55388 | Vaults:3 | Noticed Sojobo
 55975 | Vaults:3 | Reached skill level 18 in Fighting
 56029 | Vaults:3 | Found a staircase to the Crypt.
 56543 | Vaults:3 | Killed Sojobo
 57204 | Vaults:4 | Gained mutation: You are completely covered in iridescent
                  | scales. (AC +6) [demonic ancestry]
 57204 | Vaults:4 | Reached XP level 22. HP: 202/222 MP: 30/30
 57477 | Vaults:4 | Noticed Donald
 57497 | Vaults:4 | Killed Donald
 57745 | Vaults:4 | Found a sparkling altar of Nemelex Xobeh.
 58787 | Vaults:4 | Identified the +6 scale mail of Kuikosiq {rPois} (You found
                  | it on level 4 of the Vaults)
 59228 | Elf:3    | Entered Level 3 of the Elven Halls
 59709 | Elf:3    | Identified the +10 hand axe of Nemelex Xobeh's Envy
                  | {freeze, rF+ Stlth+}
 59724 | Elf:3    | Reached skill level 19 in Fighting
 61339 | Elf:3    | Reached skill level 10 in Throwing
 62057 | Elf:3    | Identified the cursed ring "Yxidghor" {*Slow rElec EV-2
                  | Str+9 Int-5}
 62260 | Elf:3    | Identified the ring "Natrat" {MP+9 Int+3}
 62292 | Elf:3    | Identified Aghamaeq's Compendium of Assistive Poisoning
 62294 | Elf:3    | Identified Lefafo's Volume of Unholy Magic
 62309 | Elf:3    | Identified Wobogesi's Handbook of Enchanting Poison
 62329 | Elf:3    | Identified the +7 trident of Classification {vamp, rC+}
                  | (You found it on level 3 of the Elven Halls)
 62371 | Elf:3    | Found the +3 giant club "Skullcrusher" {speed, Str+7}
 62380 | Elf:3    | Identified Vaorch's Compendium of Shape Shifting and Earth
 62829 | Depths:1 | Entered Level 1 of the Depths
 63685 | Depths:1 | Found the +8 Wrath of Trog {antimagic, *Rage}
 63864 | Depths:1 | Found a gateway to Hell.
 63983 | Depths:1 | Found a one-way gate leading to the halls of Pandemonium.
 64101 | Depths:2 | Reached XP level 23. HP: 232/232 MP: 31/31
 64126 | Depths:2 | Noticed Bai Suzhen
 64141 | Depths:2 | Killed Bai Suzhen
 65079 | Depths:2 | Found a one-way gate to the infinite horrors of the Abyss.
 65462 | Depths:2 | Identified the Catalogue of Icy Evil Arts
 66011 | Depths:3 | Reached skill level 20 in Fighting
 66087 | Depths:3 | Noticed a caustic shrike
 66496 | Depths:3 | Noticed a caustic shrike
 66499 | Depths:3 | Noticed a caustic shrike
 66510 | Depths:2 | Killed a caustic shrike
 66513 | Depths:2 | Killed a caustic shrike
 66527 | Depths:2 | Killed a caustic shrike
 66668 | Depths:3 | Noticed a caustic shrike
 66677 | Depths:2 | Killed a caustic shrike
 67050 | Depths:3 | Reached XP level 24. HP: 188/246 MP: 27/31
 67248 | Depths:3 | Identified the +2 leather armour of the Teacher {+Fly MR+}
 67306 | Depths:3 | Found a shadowy altar of Dithmenos.
 67418 | Depths:3 | Found a burning altar of Makhleb.
 67419 | Depths:3 | Found a gateway to a ziggurat.
 67639 | Depths:3 | Found a hazy altar of Hepliaklqana.
 68228 | Depths:3 | Found a hide-covered altar of Uskayaw.
 68250 | Depths:3 | Identified the +8 large shield of a treasure trove {rC+ rN+
                  | rCorr}
 68250 | Depths:3 | Noticed Mennas
 68273 | Depths:3 | Killed Mennas
 68708 | Depths:4 | Noticed Jory
 68757 | Depths:4 | Killed Jory
 69594 | Depths:4 | Noticed a juggernaut
 69609 | Depths:4 | Killed a juggernaut
 70114 | Depths:4 | Reached XP level 25. HP: 255/255 MP: 31/31
 70268 | Depths:4 | Reached skill level 21 in Fighting
 70420 | Depths:4 | Found Tanouck's Serpentskin Sales.
 71001 | Depths:5 | Entered Level 5 of the Depths
 71388 | Depths:5 | Reached skill level 10 in Evocations
 71390 | Depths:5 | Noticed the Enchantress
 71409 | Depths:5 | Killed the Enchantress
 72388 | Depths:5 | Found a gate to the Realm of Zot.
 72647 | Depths:5 | Found a viscous altar of Jiyva.
 73035 | Crypt:1  | Entered Level 1 of the Crypt
 73921 | Crypt:1  | Reached XP level 26. HP: 266/266 MP: 33/33
 74749 | Crypt:2  | Found a basalt altar of Yredelemnul.
 74762 | Crypt:2  | Identified the Handbook of Lightness
 75099 | Crypt:2  | Found a basalt altar of Yredelemnul.
 75122 | Crypt:2  | Got a steaming bronze amulet
 75127 | Crypt:2  | Got a brightly glowing copper amulet
 75130 | Crypt:2  | Identified the amulet of Monotheism {+Fly Regen+ SInv} (You
                  | found it on level 2 of the Crypt)
 75131 | Crypt:2  | Identified the amulet "Heonn" {Regen+ Int+3} (You found it
                  | on level 2 of the Crypt)
 75426 | Crypt:3  | Entered Level 3 of the Crypt
 75767 | Crypt:3  | Noticed an ancient lich
 75775 | Crypt:3  | Killed an ancient lich
 75801 | Crypt:3  | Found a basalt altar of Yredelemnul.
 75852 | Crypt:3  | Identified the +5 scale mail of Thoughtfulness {rPois} (You
                  | found it on level 3 of the Crypt)
 76305 | Crypt:3  | Found a staircase to the Tomb.
 78124 | Orc:2    | Bought a potion of might for 60 gold pieces
 78124 | Orc:2    | Bought a potion of might for 60 gold pieces
 78162 | Elf:1    | Bought a potion of curing for 39 gold pieces
 78162 | Elf:1    | Bought a potion of heal wounds for 65 gold pieces
 78166 | Elf:1    | Learned a level 3 spell: Regeneration
 78552 | Vaults:5 | Entered Level 5 of the Vaults
 78562 | Vaults:5 | Reached skill level 1 in Necromancy
 78562 | Vaults:5 | Reached skill level 1 in Spellcasting
 78562 | Vaults:5 | Reached skill level 1 in Charms
 78586 | Vaults:5 | Gained mutation: You are extremely robust. (+30% HP)
                  | [demonic ancestry]
 78586 | Vaults:5 | Reached XP level 27. HP: 213/300 MP: 29/33
 78602 | Vaults:5 | Identified the +10 quarterstaff of Incongruity {venom,
                  | +Blink rElec Int+3 Stlth+}
 78608 | Vaults:5 | Identified the ring "Woimpomo" {Fire MP+9}
 78982 | Vaults:5 | Identified the +7 rapier of Mogiliv {venom, +Blink rC+ rN+
                  | Str-4}
 79808 | Vaults:5 | Identified a scroll of acquirement
 79816 | Vaults:5 | Got a heavily runed jade amulet
 79817 | Vaults:5 | Identified the amulet "Eroning" {Reflect rC+ MR+ SH+5} (You
                  | acquired it on level 5 of the Vaults)
 80182 | Vaults:5 | Identified the amulet "Pydicep" {Spirit Dex+6} (You found
                  | it on level 5 of the Vaults)
 80312 | Vaults:5 | Got a silver rune of Zot
 80725 | Orc:2    | Bought a wand of digging (5) for 306 gold pieces
 80725 | Orc:2    | Bought a wand of acid (13) for 578 gold pieces
 80725 | Orc:2    | Bought a phantom mirror for 510 gold pieces
 80725 | Orc:2    | Bought a phantom mirror for 510 gold pieces
 80725 | Orc:2    | Bought a phantom mirror for 510 gold pieces
 80731 | Orc:2    | Bought a potion of agility for 60 gold pieces
 80731 | Orc:2    | Bought a potion of agility for 60 gold pieces
 81094 | Slime:1  | Entered Level 1 of the Pits of Slime
 81246 | Slime:1  | You fall into a shaft and drop 1 floor!
 81253 | Slime:2  | Reached skill level 22 in Fighting
 81990 | Slime:5  | Entered Level 5 of the Pits of Slime
 82019 | Slime:5  | Noticed the Royal Jelly
 82032 | Slime:5  | Killed the Royal Jelly
 82535 | Slime:5  | Found the +2 pair of boots of the Assassin {Detection Stab+
                  | Stlth++}
 82593 | Slime:5  | Got a slimy rune of Zot
 82614 | Slime:5  | Identified the ring "Niattis" {rF+ MR+ Str-2 Int+4 Dex+2}
                  | (You found it on level 5 of the Pits of Slime)
 82625 | Slime:5  | Got a wavering amber ring
 82626 | Slime:5  | Identified the ring of the Many Dances {*Tele Dex+6 Slay-6}
                  | (You found it on level 5 of the Pits of Slime)
 82656 | Slime:5  | Identified the amulet of Atzalail {Acrobat rPois Int+3
                  | Dex-4} (You found it on level 5 of the Pits of Slime)
 83680 | Hell     | Entered the Vestibule of Hell
 83680 | Hell     | Noticed Geryon
 83700 | Hell     | Noticed an ancient lich
 83709 | Hell     | Killed Geryon
 83721 | Depths:4 | Killed an ancient lich
 84066 | Hell     | Reached skill level 15 in Invocations
 84243 | Hell     | Found a gateway to the ashen valley of Gehenna.
 84333 | Hell     | Found a gateway to the Iron City of Dis.
 84394 | Hell     | Found a gateway to the freezing wastes of Cocytus.
 84473 | Hell     | Found a gateway to the decaying netherworld of Tartarus.
 84586 | Coc:1    | Entered Level 1 of Cocytus
 84614 | Coc:1    | Reached skill level 23 in Fighting
 84942 | Coc:1    | You fall into a shaft and drop 1 floor!
 86804 | Coc:2    | Gained mutation: Your magical capacity is low. (-10% MP) [a
                  | cacodemon]
 87149 | Coc:2    | Reached skill level 24 in Fighting
 87257 | Coc:2    | Reached skill level 5 in Necromancy
 87553 | Geh:1    | Entered Level 1 of Gehenna
 88266 | Geh:1    | Reached skill level 5 in Spellcasting
 88504 | Geh:1    | Reached skill level 5 in Charms
 88688 | Geh:1    | HP: 12/310 [Brimstone Fiend/damnation[the effects of Hell]
                  | (48)]
 88689 | Geh:1    | Killed from afar by a Brimstone Fiend

Levels and vault maps discovered:
D:1:      dpeg_arrival_round_c, layout_basic
D:2:      layout_rooms, old_standard_altar, first_ration
D:3:      minmay_roachtagon, layout_rooms, nicolae_underground_beach,
          uniq_jessica, uniq_sigmund, uniq_robin
D:4:      kennysheep_six_static_rooms, layout_basic, bloody_trog, uniq_grinder
D:5:      minmay_razor_zed, layout_basic, nicolae_overflow_quartered_altars,
          roderic_lattice_a, uniq_crazy_yiuf_cottage
D:6:      layout_layer_cave, lightli_sewer_entry_pipes, uniq_pikel,
          uniq_blork_the_orc
D:7:      layout_basic, minmay_temple_entry_proselytizer,
          nicolae_qazlal_general_emergency, uniq_menkaure, uniq_duvessa,
          uniq_prince_ribbit1
D:8:      layout_rooms, minmay_overflow_temple_star_quad,
          minmay_lair_entry_grove, uniq_maurice
D:9:      minmay_skewed_foursquare, layout_basic, kennysheep_mini, serial_shops,
          nicolae_shop_behind_doors
D:10:     layout_stronghold, basic_altar
D:11:     layout_roguey, zombieorc2_lemuel, hangedman_fish_farm,
          minmay_misc_feat_tiny, uniq_harold
D:12:     layout_stronghold
D:13:     layout_cave_pods
D:14:     layout_gridville, grunt_vaults_entry_tiered, fedhas_altar_2,
          basic_altar
D:15:     grunt_enter_depths_hoard, layout_gridville
Lair:1:   layout_hall_layers, lemuel_fruit_tree, grunt_megastairs_2
Lair:2:   layout_regular_city, st_stairs_6
Lair:3:   dpeg_oklob_gauntlet, layout_cave_pods, chequers_serial_rivers_micro_d
Lair:4:   layout_roguey, minmay_shoals_entry_hut,
          nicolae_spider_entry_tight_spaces, basic_altar,
          eino_small_chamber_without_monster, minivault_25,
          grunt_forest_small_clearings, uniq_nessos
Lair:5:   layout_hall_layers, beast_lair_carwin_11
Lair:6:   minmay_lair_end_frog_pond, layout_big_grid, slime_altar_1,
          serial_bayou_shore_a
Shoals:1: layout_shoals, st_shoals_ruin, uniq_josephine
Shoals:2: layout_shoals
Shoals:3: layout_shoals
Shoals:4: shoals_end_hangedman, layout_shoals, shoals_ilsuiw_alternative,
          uniq_polyphemus
Spider:1: layout_spider_delve
Spider:2: layout_chambers, zaba_antful_of_joy
Spider:3: layout_spider_delve, uniq_kirke, uniq_nikola
Spider:4: grunt_spider_rune_parallel, drop_trap
Slime:1:  layout_caves, basic_altar
Slime:2:  cheibrodos_slime_lost_civilization_1, layout_caves
Slime:3:  layout_caves
Slime:4:  layout_caves
Slime:5
Orc:1:    layout_diamond_mine, mines2_lemuel
Orc:2:    st_orc_ogre_mass, layout_caves, minmay_orc_temple_c
Elf:1:    layout_gridlike, ebering_ghost_rock_garden, orc_legates,
          minmay_shop_star, grunt_megastairs_1
Elf:2:    layout_onion_city, serial_shops, nicolae_shop_window_shopping,
          uniq_jorgrun
Elf:3:    elf_hall_gauntlet_wide, layout_geoelf_grid
Vaults:1: v_misc_8, nicolae_vaults_little_squares_3, hangedman_vaults_maws,
          v_misc_13, ontoclasm_vaults_fault, vaults_mumra_hex,
          ontoclasm_vaults_spin, hangedman_vaults_nails,
          nicolae_vaults_inception_scallops, nicolae_vaults_network_periphery,
          nicolae_vaults_little_squares_5, vaults_dpeg_cross,
          nicolae_vaults_network_barrier, layout_vaults_maze,
          portal_desolation_entry_ruin
Vaults:2: gammafunk_vaults_ghost_cemetery, st_greater_box_1, v_misc_24,
          v_misc_5, vaults_room_semicircle, ontoclasm_vaults_loading_screen,
          v_pattern_5, vaults_dpeg_hooks, vaults_room_door_ring,
          nicolae_vaults_little_squares_4, layout_vaults_omnigrid,
          infiniplex_enter_wizlab_glasses, uniq_asterion
Vaults:3: minmay_crypt_entry_simple_plaza, hangedman_vaults_snaps,
          vaults_room_pools, nicolae_vaults_disjoint_gnomons,
          hangedman_vaults_stretched_pinwheel, vaults_dpeg_encased_lava,
          v_misc_27, sword_in_stone, nicolae_vaults_angled_halls,
          ontoclasm_vaults_decontamination, v_pattern_3, layout_vaults_omnicross
Vaults:4: v_pattern_1, nicolae_vaults_stairing_the_circle, v_misc_29,
          nicolae_vaults_branching_niches, hangedman_vaults_nodes, v_misc_10,
          vaults_room_stairs_pillars, v_alt_pattern_2, vaults_mumra_lcd,
          layout_vaults_ring, basic_altar, uniq_donald
Vaults:5
Crypt:1:  layout_gridlike, uniq_sojobo
Crypt:2:  layout_misc_corridors, hangedman_crypt_dual_shrines
Crypt:3:  cryptofortress_bobbens
Depths:1: layout_roguey, pf_hell_entry_tar_river, rand_demon_pan_entry_4,
          nrook_loot_triangle, minmay_misc_feat_ornament,
          minmay_misc_feat_pillars, minmay_guarded_unrand_wrath_of_trog,
          firewood_loft
Depths:2: minmay_tile_spiral, layout_cave_pools, pan_entry, abyss_entry_crystal,
          hell_entry, roderic_roman_lattice, minmay_hedge_maze, uniq_bai_suzhen
Depths:3: grunt_profane_halls [grunt_profane_temple_dis,
          grunt_profane_temple_tar, grunt_profane_temple_coc,
          grunt_profane_temple_geh, grunt_profane_loot], hell_entry,
          serial_shops, pan_entry, uniq_mennas
Depths:4: grunt_deathspiral_large, layout_cave_shapes, grunt_mini_vestibule,
          hangedman_abyss_entry_splay, lemuel_statue_altar, guppyfry_shop_venom,
          uniq_jory
Depths:5: grunt_zot_entry_bicorn, layout_cave_pools, special_room
          [special_room_jelly], hell_entry, serial_sigils_hangedman_carve,
          uniq_enchantress
Hell
Geh:1:    layout_gehenna_pools_basic
Coc:1:    layout_ice_bergs
Coc:2:    layout_ice_bergs

Skill      XL: |  1  2  3  4  5  6  7  8  9 10 11 12 13 14 15 16 17 18 19 20 21 22 23 24 25 26 27 |
---------------+----------------------------------------------------------------------------------+-----
Axes           | 2 3 4 5 7 9 11 12 13 14 15 16 17 18 | 18.5
Armour         | 3 4 6 7 9 10 11 12 14 15 16 17 18 19 20 21 22 | 22.6
Throwing       | 1 2 3 5 6 8 9 11 13 | 13.2
Fighting       | 4 5 7 8 9 10 11 12 13 15 17 18 19 20 21 24 | 24.5
Shields        | 3 5 6 8 9 11 12 13 14 15 17 18 19 21 22 23 | 23.0
Invocations    | 4 7 8 10 11 13 14 15 | 15.3
Evocations     | 2 5 6 7 9 10 | 10.1
Necromancy     | 3 5 |  5.9
Spellcasting   | 3 5 |  5.3
Charms         | 3 5 |  5.0
Dodging        | |  0.4

Action                   |  1- 3 |  4- 6 |  7- 9 | 10-12 | 13-15 | 16-18 | 19-21 | 22-24 | 25-27 || total
-------------------------+-------+-------+-------+-------+-------+-------+-------+-------+-------++-------
Melee: War axe           |    25 |       |   222 |   699 |    74 |   438 |   596 |     8 |       ||  2062
       Hand axe          |    87 |   149 |   195 |       |       |       |       |       |       ||   431
       Kick              |       |       |    49 |   298 |   195 |       |   265 |   535 |  1074 ||  2416
       Unarmed           |       |       |    22 |       |       |       |       |       |       ||    22
       Broad axe         |       |       |       |    63 |   956 |  1228 |   939 |  1264 |  2401 ||  6851
       Dagger            |       |       |       |     2 |    49 |       |       |       |       ||    51
       Mace              |       |       |       |       |    14 |       |       |       |       ||    14
       Trident           |       |       |       |       |       |    19 |       |    59 |       ||    78
       Peck              |       |       |       |       |       |    39 |   399 |       |       ||   438
Throw: Dart              |       |     9 |    17 |     8 |       |       |       |       |       ||    34
       Boomerang         |       |       |       |     8 |    91 |   193 |   134 |   239 |    16 ||   681
       Throwing net      |       |       |       |       |       |     2 |       |       |       ||     2
       Javelin           |       |       |       |       |       |       |     7 |   128 |    81 ||   216
 Cast: Regeneration      |       |       |       |       |       |       |       |       |    17 ||    17
Invok: Elemental Force   |       |       |       |     1 |     1 |    22 |    16 |    12 |    15 ||    67
       Disaster Area     |       |       |       |       |     2 |       |     1 |     2 |     1 ||     6
 Abil: Evoke Flight      |       |       |     1 |       |       |       |       |       |       ||     1
       Evoke Invisibilit |       |       |       |       |       |       |     1 |       |     1 ||     2
Evoke: Wand              |       |       |       |     2 |     1 |       |     4 |    11 |     2 ||    20
       Lamp of fire      |       |       |       |       |       |     1 |     1 |     2 |     3 ||     7
       Phantom mirror    |       |       |       |       |       |     1 |       |       |       ||     1
  Use: Scroll            |     6 |     7 |     9 |     7 |    11 |     6 |    26 |    14 |    22 ||   108
       Potion            |     1 |       |     1 |     1 |     3 |     9 |    24 |     8 |     8 ||    55
 Stab: Distracted        |       |       |       |       |     1 |     4 |     6 |     5 |     5 ||    21
       Paralysed         |       |       |       |       |     2 |       |       |       |       ||     2
       Invisible         |       |       |       |       |       |     9 |    21 |       |     4 ||    34
       Petrified         |       |       |       |       |       |       |     9 |       |       ||     9
       Petrifying        |       |       |       |       |       |       |     2 |       |       ||     2
  Eat: Chunk             |     3 |     7 |    15 |    23 |    32 |    27 |    27 |    19 |    16 ||   169
       Ration            |       |       |     1 |     1 |     2 |     7 |     5 |     7 |    16 ||    39
Armor: Scale mail        |    42 |    45 |    30 |       |       |       |       |       |       ||   117
       Chain mail        |       |       |   117 |   269 |   529 |   830 |   521 |   286 |       ||  2552
       Gold dragon scale |       |       |       |       |       |       |       |   323 |   796 ||  1119
Dodge: Dodged            |    31 |    46 |    82 |   132 |   258 |   321 |   234 |   175 |   158 ||  1437
       Deflected         |       |       |       |     8 |    12 |    55 |    45 |    19 |    19 ||   158
Block: Shield            |    49 |    77 |   146 |   518 |  1128 |  1909 |   895 |   853 |       ||  5575
       Large shield      |       |       |       |       |       |       |   484 |   483 |  3162 ||  4129
       Reflection        |       |       |       |       |       |       |       |    57 |    16 ||    73

Table legend:
 A = Non-vault XP
 B = Vault XP
 C = Vault XP percentage of total XP
 D = Non-vault monster count
 E = Vault monster count
 F = Vault count percentage of total count
                 A         B        C        D         E       F
            +---------+---------+-------+---------+---------+-------
      Total |  892349 |  988523 |  52.6 |    1891 |    1300 |  40.7
            +---------+---------+-------+---------+---------+-------
        D:1 |      31 |       0 |   0.0 |      19 |       0 |   0.0
        D:2 |      13 |     231 |  94.7 |       8 |       1 |  11.1
        D:3 |     231 |      81 |  26.0 |      20 |      16 |  44.4
        D:4 |     496 |     314 |  38.8 |      18 |       3 |  14.3
        D:5 |     310 |     519 |  62.6 |      10 |      16 |  61.5
        D:6 |     853 |     775 |  47.6 |      10 |      12 |  54.5
        D:7 |    1232 |     700 |  36.2 |      28 |       5 |  15.2
        D:8 |    1450 |    1665 |  53.5 |      29 |      12 |  29.3
        D:9 |    1792 |     578 |  24.4 |      17 |       7 |  29.2
       D:10 |    2230 |       0 |   0.0 |      43 |       0 |   0.0
       D:11 |    6454 |    2208 |  25.5 |      41 |      37 |  47.4
       D:12 |    5744 |       0 |   0.0 |      23 |       0 |   0.0
       D:13 |    4928 |       0 |   0.0 |      30 |       0 |   0.0
       D:14 |    6374 |    8119 |  56.0 |      23 |      25 |  52.1
       D:15 |   12428 |    1844 |  12.9 |      39 |       2 |   4.9
     Lair:1 |    1213 |     851 |  41.2 |       6 |       5 |  45.5
     Lair:2 |    6349 |       0 |   0.0 |      26 |       0 |   0.0
     Lair:3 |    3773 |     535 |  12.4 |      12 |       1 |   7.7
     Lair:4 |    7124 |    2795 |  28.2 |      34 |       7 |  17.1
     Lair:5 |    2361 |    2204 |  48.3 |      15 |       3 |  16.7
     Lair:6 |   14654 |   12250 |  45.5 |      49 |      48 |  49.5
   Shoals:1 |   20837 |    6089 |  22.6 |      42 |      14 |  25.0
   Shoals:2 |    9576 |       0 |   0.0 |      19 |       0 |   0.0
   Shoals:3 |   15745 |       0 |   0.0 |      28 |       0 |   0.0
   Shoals:4 |   18254 |   31639 |  63.4 |      47 |      43 |  47.8
   Spider:1 |   16074 |       0 |   0.0 |      49 |       0 |   0.0
   Spider:2 |   19132 |    5153 |  21.2 |      48 |      35 |  42.2
   Spider:3 |   10128 |    7814 |  43.6 |      33 |       6 |  15.4
   Spider:4 |   18391 |   21254 |  53.6 |      53 |      49 |  48.0
    Slime:1 |    6718 |       0 |   0.0 |      15 |       0 |   0.0
    Slime:2 |    1310 |       0 |   0.0 |       5 |       0 |   0.0
    Slime:3 |    7670 |       0 |   0.0 |      13 |       0 |   0.0
    Slime:4 |    6968 |       0 |   0.0 |       6 |       0 |   0.0
    Slime:5 |   19020 |   32282 |  62.9 |      34 |      10 |  22.7
      Orc:1 |    3894 |     938 |  19.4 |      39 |       1 |   2.5
      Orc:2 |    3050 |   18227 |  85.7 |      35 |      68 |  66.0
      Elf:1 |   11772 |   18412 |  61.0 |      25 |      38 |  60.3
      Elf:2 |   25208 |   22071 |  46.7 |      41 |      29 |  41.4
      Elf:3 |    9814 |   37905 |  79.4 |      15 |      26 |  63.4
   Vaults:1 |   19852 |   20710 |  51.1 |      37 |      34 |  47.9
   Vaults:2 |   40344 |   50172 |  55.4 |      58 |      46 |  44.2
   Vaults:3 |   47534 |   26971 |  36.2 |      76 |      28 |  26.9
   Vaults:4 |   27474 |   38471 |  58.3 |      43 |      54 |  55.7
   Vaults:5 |   33017 |  135985 |  80.5 |      37 |      99 |  72.8
    Crypt:1 |   35498 |       0 |   0.0 |      51 |       0 |   0.0
    Crypt:2 |   28385 |   14323 |  33.5 |      39 |      14 |  26.4
    Crypt:3 |       0 |   66243 | 100.0 |       0 |      92 | 100.0
   Depths:1 |   31011 |    5341 |  14.7 |      52 |      10 |  16.1
   Depths:2 |   32126 |   75526 |  70.2 |      48 |      35 |  42.2
   Depths:3 |    4593 |  103968 |  95.8 |       6 |     117 |  95.1
   Depths:4 |   53643 |   69846 |  56.6 |      44 |      54 |  55.1
   Depths:5 |   63548 |   57538 |  47.5 |      58 |      50 |  46.3
       Hell |    9785 |   19598 |  66.7 |      17 |      37 |  68.5
      Geh:1 |   55988 |       0 |   0.0 |     104 |       0 |   0.0
      Coc:1 |   53381 |       0 |   0.0 |      83 |       0 |   0.0
      Coc:2 |   50255 |       0 |   0.0 |      76 |       0 |   0.0
      Sewer |       0 |     483 | 100.0 |       0 |      28 | 100.0
     WizLab |    2314 |   51849 |  95.7 |      15 |      52 |  77.6
 Desolation |       0 |   14046 | 100.0 |       0 |      31 | 100.0
            +---------+---------+-------+---------+---------+-------
